 Dungeon Crawl Stone Soup version 0.31-a0-867-g9b2fd80f0c (webtiles) character file.

Game seed: 11805731331967983847

46 BinkBink the Covered (level 3, -1/33 HPs)
             Began as a Minotaur Fighter on Oct 11, 2023.
             Slain by a gnoll
             ... wielding a +0 halberd
              (6 damage)
             ... on level 2 of the Dungeon.
             The game lasted 00:01:34 (1202 turns).

BinkBink the Covered (Minotaur Fighter)             Turns: 1202, Time: 00:01:35

Health: -1/33      AC:  7    Str: 22    XL:     3   Next: 44%
Magic:  2/2        EV:  9    Int:  5    God:
Gold:   105        SH:  4    Dex:  9    Spells: 2/2 levels left

rFire   . . .        i - +2 trident (flame)
rCold   . . .        c - +0 buckler
rNeg    . . .        b - +0 scale mail
rPois   .            (helmet restricted)
rElec   .            (no cloak)
rCorr   .            (no gloves)
SInv    .            (no boots)
Will    .....        (no amulet) Stlth
                     (no ring)
HPRegen 0.25/turn    (no ring)
MPRegen 0.08/turn

%: no passive effects
@: no status effects
A: horns 2, retaliatory headbutt
a: no special abilities


You were on level 2 of the Dungeon.
You visited 1 branch of the dungeon, and saw 2 of its levels.

You collected 105 gold pieces.

Inventory:

Hand Weapons
 i - a +2 trident of flaming (weapon)
Armour
 b - a +0 scale mail (worn)
 c - a +0 buckler (worn)
Jewellery
 h - a ring of wizardry
Scrolls
 e - a scroll of revelation
 g - a scroll of identify {unknown}
 k - a scroll of teleportation {unknown}
Potions
 a - a potion of berserk rage {unknown}
 d - a potion of might
 f - a potion of lignification {unknown}
 j - a potion of magic {unknown}


   Skills:
 + Level 4.0 Fighting
 * Level 3.5 Polearms
 + Level 4.0 Armour
 + Level 4.0 Shields


You had 2 spell levels left.
You didn't know any spells.
Your spell library was empty.

Dungeon Overview and Level Annotations

Branches:
Dungeon (2/15)

Altars:
Sif Muna


Innate Abilities, Weirdness & Mutations

You have a pair of horns on your head.
You reflexively headbutt those who attack you in melee.


Message History

You reach to attack!
You closely miss the frilled lizard. You hit the frilled lizard.
You burn the frilled lizard.
You kill the frilled lizard!
No target in view!
k - a scroll labelled MECKALOFFYTZ A gnoll comes into view.
It is wielding a +0 halberd.
The gnoll shouts!
You hear a shout!
A gnoll is nearby!
A gnoll is nearby!
A gnoll comes into view. It is wielding a +0 club.
The gnoll shouts!
You reach to attack!
You completely miss the gnoll.
A kobold comes into view. It is wielding a +0 club.
You block the gnoll's attack.
You reach to attack!
You closely miss the gnoll.
The gnoll hits you from afar with a +0 halberd!
You reach to attack!
You closely miss the gnoll.
A giant cockroach comes into view.
The gnoll hits you from afar with a +0 halberd!
You are too injured to fight recklessly!
You are too injured to fight recklessly!
The gnoll attacks as it pursues you! The gnoll hits you but does no damage.
The gnoll attacks as it pursues you! The gnoll hits you but does no damage.
The gnoll attacks as it pursues you!
The gnoll hits you from afar with a +0 halberd.
The kobold throws a stone.
The stone hits you but does no damage. The gnoll attacks as it pursues you!
The gnoll closely misses you. The gnoll attacks as it pursues you!
The gnoll closely misses you.
The kobold throws a stone.
The stone barely misses you. The gnoll attacks as it pursues you!
The gnoll closely misses you.
There is an open door here.
The gnoll attacks as it pursues you! You block the gnoll's attack.
The gnoll attacks as it pursues you!
The gnoll hits you from afar with a +0 halberd!
* * * LOW HITPOINT WARNING * * *
The gnoll attacks as it pursues you! The gnoll hits you with a +0 club.
* * * LOW HITPOINT WARNING * * *
The gnoll attacks as it pursues you!
The gnoll hits you from afar with a +0 halberd.
You die...

#.........>..##.[....
#####............##......
#......<........##.......
#........)...............
#####.............###........
#...#.............###........
#........)..........#........
#>.......#........#.#........
#...........@##'#.#.#........
#...........g##.#+#....)....#
#..........g.##.............#
#..........####.............#
###.........................#
#........#................#
#########'##....##...รทรท.....#
#.).....K..#....+....##......
#.......#..#....##+####......


You could see 2 gnolls and a kobold.

Vanquished Creatures
  An adder (D:2)
  A gnoll (D:2)
  2 ball pythons (D:2)
  2 bats
  2 endoplasms (D:2)
  2 giant cockroaches (D:2)
  3 goblins
  2 hobgoblins
  3 kobolds
  3 quokkas
  3 frilled lizards
  A rat (D:2)
25 creatures vanquished.

Notes
Turn   | Place    | Note
-------+----------+-------------------------------------------
     0 | D:1      | BinkBink the Minotaur Fighter began the quest for the Orb.
     0 | D:1      | Reached XP level 1. HP: 19/19 MP: 0/0
   643 | D:2      | Reached XP level 2. HP: 27/27 MP: 1/1
   852 | D:2      | Reached XP level 3. HP: 33/33 MP: 2/2
   923 | D:2      | Found a shimmering blue altar of Sif Muna.
  1040 | D:2      | Found a faded altar of an unknown god.
  1202 | D:2      | Slain by a gnoll

Illustrated notes

Levels and vault maps discovered:
D:1:      elethiomel_arrival_maze, layout_basic
D:2:      layout_basic, shapermc_ecumenical_altar_pompeii, basic_altar

Skill      XL: |  1  2 |
---------------+-------+-----
Polearms       | 3 |  3.5
Armour         | 4 |  4.0
Shields        | 4 |  4.0
Fighting       | 4 |  4.0

Action                     || total
---------------------------++-------
  Melee: Trident           ||    52
         Headbutt          ||     7
    Use: Scroll            ||     1
 Armour: Scale mail        ||    36
  Dodge: Dodged            ||    18
  Block: Buckler           ||    14

Table legend: (Time is in decaauts)
 A = Elapsed time spent in this place.
 B = Non-inter-level travel time spent in this place.
 C = Inter-level travel time spent in this place.
 D = Time resting spent in this place.
 E = Time spent auto-exploring this place.
 F = Levels seen in this place.
 G = Mean time per level.
                   A        B        C        D        E       F      G
               +--------+--------+--------+--------+--------+-----+--------+
         Total |   1210 |   1176 |     34 |     81 |    922 |   2 |  605.0 |
       Dungeon |   1210 |   1176 |     34 |     81 |    922 |   2 |  605.0 |
               +--------+--------+--------+--------+--------+-----+--------+

Top non-repeatable levels by time:
     D:1: 642 daAuts
     D:2: 567 daAuts
